 Dungeon Crawl Stone Soup version 0.30-a0-34-gbe8da3892a (webtiles) character file.

Game seed: 17540161664823797014

441 ytrimaz the Changer (level 7, -5/43 HPs)
             Began as an Octopode Transmuter on Aug 28, 2022.
             Splashed by a jelly's acid (7 damage)
             ... on level 4 of the Dungeon.
             The game lasted 00:04:39 (4091 turns).

ytrimaz the Changer (Octopode Transmuter)           Turns: 4091, Time: 00:04:40

Health: -5/43      AC: -3    Str:  9    XL:     7   Next: 2%
Magic:  12/13      EV: 13    Int: 17    God:
Gold:   104        SH:  5    Dex: 13    Spells: 4/14 levels left

rFire   . . .      SeeInvis .      - Unarmed
rCold   . . .      Faith    .    (no shield)
rNeg    . . .      Spirit   .    (helmet restricted)
rPois   .          Reflect  +    c - amulet of reflection
rElec   .          Harm     .    (no ring)
rCorr   .          Rampage  .    (no ring)
Will    .....                    (no ring)
Stlth   ++........               (no ring)
HPRegen 0.14/turn                (no ring)
MPRegen 0.13/turn                (no ring)
                                 (no ring)
                                 (no ring)

@: corroded, hasted, very quick
A: almost no armour, amphibious, 8 rings, camouflage 1, gelatinous body 1,
(nimble swimmer 1), tentacles
a: no special abilities


You were on level 4 of the Dungeon.
You visited 1 branch of the dungeon, and saw 4 of its levels.

You collected 104 gold pieces.

Inventory:

Jewellery
 c - an amulet of reflection (around mantle)
Wands
 g - a wand of digging (9)
Scrolls
 a - a scroll of teleportation
 d - a scroll of brand weapon
 e - a scroll of poison
Potions
 f - 2 potions of might {unknown}
 h - a potion of resistance {unknown}
 j - a potion of haste
 k - a potion of brilliance {unknown}


   Skills:
 - Level 1.0 Fighting
 - Level 2.0 Dodging
 - Level 4.0 Unarmed Combat
 + Level 4.1 Spellcasting
 + Level 4.4 Transmutations
 + Level 3.1 Poison Magic


You had 4 spell levels left.
You knew the following spells:

 Your Spells              Type           Power      Damage    Failure   Level
a - Beastly Appendage     Tmut           36%        N/A       2%          1
b - Wereblood             Tmut           18%        N/A       3%          2
c - Spider Form           Tmut/Pois      16%        N/A       10%         3
d - Ice Form              Ice/Tmut       11%        N/A       52%         4

Your spell library contained the following spells:

 Spells                   Type           Power      Damage    Failure   Level
 Apportation              Tloc           6%         N/A       16%         1
 Necrotise                Necr           12%        1d4       16%         1
 Slow                     Hex            12%        N/A       16%         1
 Summon Small Mammal      Summ           12%        N/A       16%         1
 Confusing Touch          Hex            3%         N/A       43%         3
 Vampiric Draining        Necr           3%         2d6       43%         3


Dungeon Overview and Level Annotations

Branches:
Dungeon (4/15)
 Temple: D:4-7

Altars:
Gozag


Innate Abilities, Weirdness & Mutations

You cannot wear most types of armour.
You are amphibious.
You can wear up to eight rings at the same time.
Your skin changes colour to match your surroundings (Stealth+).
Your rubbery body absorbs attacks. (AC +1, EV +1)
((You are camouflaged when in or above water. (Stealth+)))
You have tentacles for arms and can constrict up to eight enemies at once.


Message History

The hound is almost dead.
The hound bites you.
An endoplasm comes into view.
The endoplasm quivers.
You hit the hound.
You kill the hound!
Your transformation is almost over.
You have reached level 7!
The endoplasm freezes you.
You are frozen.
A jelly comes into view.
The endoplasm closely misses you. The endoplasm freezes you.
You are frozen.
You hit the endoplasm.
The endoplasm is heavily wounded.
The endoplasm freezes you.
You are frozen.
The jelly quivers.
You bite the endoplasm!
You kill the endoplasm!
Your transformation has ended.
A jelly comes into view.
Found a stone staircase leading up.
The jelly hits you.
You are splashed with acid!
The jelly quivers.
You tentacle-slap the jelly but do no damage.
Your tentacles burn!
* * * LOW HITPOINT WARNING * * *
You squeeze the jelly.
The jelly is moderately wounded.
The jelly hits you.
* * * LOW HITPOINT WARNING * * *
The acid corrodes you!
You are splashed with acid!
* * * LOW HITPOINT WARNING * * *
Unknown command.
You feel yourself speed up. The jelly hits you.
* * * LOW HITPOINT WARNING * * *
You are splashed with acid!
You die...

#..###+#.....
#..# ######
#######..# #
##....##.†# #
#.........# # #
##........# #
##..##.........#
#
...............#
#
#...###@########
# ###
#..J.......
....g.†
.............
...o...
...............
.......
............J..
.......
.....##.####...
.###### #....
... ... # #....
..< ..


You could see 2 jellies.

Vanquished Creatures
  A black bear (D:4)
  A bullfrog (D:4)
  An orc priest (D:4)
  2 hounds (D:4)
  2 orc wizards
  2 iguanas (D:4)
  2 adders
  2 worms (D:4)
  A dart slug (D:1)
  7 orcs
  9 endoplasms
  3 giant cockroaches
  10 goblins
  3 hobgoblins
  3 kobolds
  A quokka (D:2)
  11 ball pythons
  3 bats (D:1)
  4 frilled lizards
  9 rats
77 creatures vanquished.

Notes
Turn   | Place    | Note
-------+----------+-------------------------------------------
     0 | D:1      | ytrimaz the Octopode Transmuter began the quest for the
                  | Orb.
     0 | D:1      | Reached XP level 1. HP: 13/13 MP: 3/3
   236 | D:1      | Reached XP level 2. HP: 15/18 MP: 3/5
   910 | D:1      | Found a faded altar of an unknown god.
  1332 | D:2      | Reached XP level 3. HP: 23/23 MP: 4/6
  1335 | D:2      | Learned a level 2 spell: Wereblood
  1339 | D:2      | Learned a level 3 spell: Spider Form
  2194 | D:3      | Reached XP level 4. HP: 28/28 MP: 5/7
  2270 | D:3      | Found an opulent altar of Gozag.
  2569 | D:3      | HP: 1/28 [something/puff of flame (6)]
  3177 | D:4      | Reached XP level 5. HP: 15/33 MP: 7/9
  3424 | D:4      | Learned a level 4 spell: Ice Form
  3448 | D:4      | Reached skill level 1 in Poison Magic
  3500 | D:4      | Reached XP level 6. HP: 12/38 MP: 4/11
  3844 | D:4      | Noticed a black bear
  3852 | D:4      | Killed a black bear
  4057 | D:4      | Identified the +6 ring mail "Haom" {rF- Will+ rCorr}
  4080 | D:4      | Reached XP level 7. HP: 32/43 MP: 10/13
  4091 | D:4      | HP: 2/43 [jelly (1)]
  4091 | D:4      | Splashed by a jelly's acid

Illustrated notes

Levels and vault maps discovered:
D:1:      shiori_arrival_maze, layout_basic, shapermc_ecumenical_altar_petra
D:2:      layout_loops_ring, dk_vineyard_2, hangedman_decor_points
D:3:      layout_rooms, grunt_gozag_breadcrumbs, roderic_malta_cross,
          grunt_ministairs_12, st_stairs_9
D:4:      layout_gridville

Skill      XL: |  1  2  3  4  5  6 |
---------------+-------------------+-----
Unarmed Combat | 4 |  4.0
Spellcasting   | 3 4 |  4.1
Transmutations | 3 4 |  4.4
Poison Magic   | 1 3 |  3.1
Fighting       | |  1.0
Dodging        | |  2.0

Action                   |  1- 3 |  4- 6 |  7- 9 || total
-------------------------+-------+-------+-------++-------
Melee: Unarmed           |    75 |    96 |     3 ||   174
       Constrict         |    19 |     6 |       ||    25
       Tentacles         |     9 |     7 |     1 ||    17
       Kick              |    13 |    10 |       ||    23
       Punch             |     2 |     1 |       ||     3
 Cast: Beastly Appendage |    27 |     9 |       ||    36
       Spider Form       |       |     7 |       ||     7
       Wereblood         |       |     2 |       ||     2
  Use: Scroll            |     4 |     5 |       ||     9
       Potion            |       |     4 |     1 ||     5
 Stab: Sleeping          |     5 |     4 |       ||     9
Armor: Skin              |     6 |    11 |       ||    17
Dodge: Dodged            |    29 |    51 |     1 ||    81
Block: Other             |    15 |    19 |       ||    34

Table legend: (Time is in decaauts)
 A = Elapsed time spent in this place.
 B = Non-inter-level travel time spent in this place.
 C = Inter-level travel time spent in this place.
 D = Time resting spent in this place.
 E = Time spent auto-exploring this place.
 F = Levels seen in this place.
 G = Mean time per level.
                   A        B        C        D        E       F      G
               +--------+--------+--------+--------+--------+-----+--------+
         Total |   4086 |   4044 |     42 |    629 |   2794 |   4 | 1021.5 |
       Dungeon |   4086 |   4044 |     42 |    629 |   2794 |   4 | 1021.5 |
               +--------+--------+--------+--------+--------+-----+--------+

Top non-repeatable levels by time:
     D:1: 1265 daAuts
     D:3: 1028 daAuts
     D:4: 919 daAuts
     D:2: 873 daAuts
